 Dungeon Crawl Stone Soup version 0.18.1-1-g2f07953 (webtiles) character file.

9769 uglyjohn the Grappler (level 11, -8/119 HPs)
             Began as a Troll Monk on May 7, 2016.
             Was a High Priest of Nemelex Xobeh.
             Mangled by an ancient zyme (12 damage)
             ... on level 1 of the Abyss.
             The game lasted 00:23:20 (7529 turns).

uglyjohn the Grappler (Troll Monk)                  Turns: 7529, Time: 00:23:21

Health: -8/119     AC:  8    Str: 22      XL:     11   Next: 27%
Magic:  16/16      EV: 15    Int:  7 (8)  God:    Nemelex Xobeh [*****.]
Gold:   385        SH:  0    Dex: 11 (12) Spells: 0 memorised, 10 levels left

rFire  . . .     SeeInvis .       - Unarmed
rCold  . . .     Gourm    +     a - +0 robe (curse)
rNeg   . . .     Faith    .     (no shield)
rPois  .         Spirit   .     (helmet restricted)
rElec  .         Dismiss  .     c - +0 cloak
rCorr  .         Reflect  .     (gloves unavailable)
SustAt .         Harm     .     (boots unavailable)
MR     .....                    w - amulet of magic regeneration
Stlth  +.........               Q - +5 ring of slaying (curse)
                                k - +2 ring of evasion (curse)

@: very slightly contaminated, not resistant to hostile enchantments, very
unstealthy
A: unfitting armour, claws 3, slimy green scales 1, blink, deterioration 1, fast
metabolism 3, gourmand, regeneration 2, robust 1, shaggy fur 1, tough skin 2,
MP-powered wands
a: Blink, Triple Draw, Deal Four, Stack Five, Renounce Religion


You were on level 1 of the Abyss.
You worshipped Nemelex Xobeh.
Nemelex Xobeh was extremely pleased with you.
You were very full.

You visited 1 branch of the dungeon, and saw 10 of its levels.
You visited the Abyss 1 time.

You collected 460 gold pieces.
You spent 75 gold pieces at shops.

Inventory:

Armour
 a - a cursed +0 robe (worn)
 c - a +0 cloak (worn)
Jewellery
 k - a cursed +2 ring of evasion (left claw)
 q - an uncursed ring of ice {unknown}
 w - an amulet of magic regeneration (around neck)
 x - an uncursed ring of magical power
 z - a cursed ring of ice {unknown}
 G - an uncursed ring of protection from cold
 Q - a cursed +5 ring of slaying (right claw)
Wands
 m - a wand of paralysis (5/24)
 M - a wand of flame (16/48)
 N - a wand of iceblast (4/15)
Scrolls
 d - 4 scrolls of enchant armour
 f - 6 scrolls of remove curse
 i - a scroll of noise {unknown}
 l - 3 scrolls of random uselessness {unknown}
 r - a scroll of fog {unknown}
 s - 2 scrolls of identify
 t - 3 scrolls of magic mapping {unknown}
 u - 3 scrolls of teleportation {unknown}
 y - 3 scrolls of enchant weapon {unknown}
 D - 5 scrolls of recharging {unknown}
 I - 2 scrolls of amnesia {unknown}
 T - a scroll of blinking
Potions
 e - a potion of ambrosia
 j - 3 potions of flight
 K - a potion of magic
 L - 3 potions of curing
 O - a potion of might
 P - a potion of haste {unknown}
 V - a potion of cancellation {unknown}
Miscellaneous
 h - a fan of gales
 n - a plain deck of escape
 o - an ornate deck of escape {drawn: 3}
 p - a plain deck of destruction {drawn: 5}
 v - a plain deck of war
 B - an ornate deck of war {drawn: 3}
 E - a legendary deck of destruction {drawn: 1}
 J - a plain deck of escape
 R - a legendary deck of war {drawn: 1}
 S - a plain deck of destruction
 U - a legendary deck of destruction
 W - an ornate deck of war
Comestibles
 b - 11 bread rations
 g - 3 beef jerkies
 A - 3 meat rations
 C - 2 slices of pizza


   Skills:
 + Level 7.4 Fighting
 + Level 7.4 Dodging
 - Level 1.1 Stealth
 + Level 9.3 Unarmed Combat
 + Level 8.0 Evocations


You had 10 spell levels left.
You didn't know any spells.

Dungeon Overview and Level Annotations

Branches:
Dungeon (10/15)            Temple (0/1) D:4             Orc (0/2) D:9
   Lair: D:8-11

Altars:
Cheibriados
Elyvilon
Kikubaaqudgha
Nemelex Xobeh
Pakellas
Sif Muna
Trog
Vehumet
Xom
The Shining One

Shops:
D:2 }   D:6 }   D:8 ?(


Innate Abilities, Weirdness & Mutations

You are too large for most types of armour.
You have claws for hands.
Your metabolism is lightning-fast.
You like to eat raw meat.
You heal very quickly.
You are covered in fur (AC +1).
You have very tough skin (AC +2).
You are partially covered in slimy green scales (AC +2).
You can translocate small distances at will.
Your body sometimes deteriorates upon taking damage.
You are robust (+10% HP).
You expend magic power (3 MP) to strengthen your wands.


Message History

The purple very ugly thing gurgles horribly!
The ynoxinul bellows!
The orange demon screeches!
The ynoxinul gestures.
The purple very ugly thing closely misses you.
The ynoxinul gestures.
The purple very ugly thing engulfs you!!
The purple very ugly thing engulfs you!
The guardian serpent shouts!
You hear a shout!
The guardian serpent looks sick.
The guardian serpent coils itself and performs some mystic snake dance.
The purple very ugly thing blinks!
The orange demon blinks into view!
The small abomination hits you!
* * * LOW HITPOINT WARNING * * *
The orange demon closely misses you. The orange demon hits you.
* * * LOW HITPOINT WARNING * * *
The purple very ugly thing engulfs you!!
* * * LOW HITPOINT WARNING * * *
The ancient zyme hits you!
You die...
Your body disappears without a glow.

. #.##.....## ##
#. ..#. #...#..
####.##.#...#.#. .
#..#....#.... .#
####..###.......#
#....#...####...#
#.##...#.#.....##
........§.xu.....≈
..........4@...≈.♣
#..##..##Sx##..##
#.. #..##.§# .# ..
.......§§
.........≈≈
..##..#≈≈≈≈≈≈ ..
..##..≈#.. ..
...≈≈


You could see a purple very ugly thing, an orange demon, an ancient zyme, a
guardian serpent and a small abomination.

Vanquished Creatures
  Erolcha (D:9)
  Josephine (D:10)
  The ghost of blooo the Martial Artist, a novice OpFi of Gozag (D:8)
  Sonja (D:10)
  The ghost of chicagocrazy the Ducker, a novice DrTm of Pakellas (D:6)
  Pikel (D:6)
  A hill giant (D:10)
  An elephant (D:10)
  A troll (D:10)
  A spriggan (D:8)
  3 yaks (D:10)
  5 wraiths
  Edmund (D:6)
  4 sky beasts
  An orc warrior (D:6)
  2 ice beasts
  2 phantoms
  An ogre (D:7)
  2 centaurs
  A big kobold (D:7)
  A giant frog (D:8)
  A wyvern zombie (D:8)
  3 scorpions
  4 killer bees (D:8)
  12 wights
  A howler monkey (D:5)
  3 crimson imps
  A giant frog zombie (D:10)
  A centaur zombie (D:10)
  4 orc priests
  4 hounds
  A jelly (D:6)
  2 centaur skeletons
  3 iguanas
  5 orc wizards
  3 worker ants
  A killer bee zombie (D:7)
  2 sheep
  2 hound zombies
  4 gnolls
  2 worker ant zombies
  8 adders
  An ooze (D:7)
  2 worms
  2 dart slugs (D:3)
  6 giant geckos
  21 orcs
  6 bats
  4 giant cockroaches
  6 goblins
  7 hobgoblins
  5 jackals (D:3)
  8 kobolds
  5 quokkas
  4 ball pythons
  A ball python zombie (D:8)
  A giant gecko skeleton (D:5)
  2 giant gecko zombies
  3 giant newts
  A quokka skeleton (D:4)
  9 rats
194 creatures vanquished.

Vanquished Creatures (collateral kills)
  A hill giant (D:10)
  Sigmund (D:3)
  A wraith (D:10)
  A phantom (D:5)
  2 crocodiles (D:10)
  3 gnolls (D:5)
  An adder (D:3)
  A shadow imp (D:5)
11 creatures vanquished.

Vanquished Creatures (others)
  A raiju (Abyss:1)
  An ufetubus (Abyss:1)
2 creatures vanquished.

Grand Total: 207 creatures vanquished

Notes
Turn   | Place    | Note
--------------------------------------------------------------
     0 | D:1      | uglyjohn the Troll Monk began the quest for the Orb.
     0 | D:1      | Reached XP level 1. HP: 22/22 MP: 0/0
   323 | D:1      | Reached XP level 2. HP: 29/29 MP: 1/1
   973 | D:2      | Reached XP level 3. HP: 36/36 MP: 2/2
   992 | D:2      | Found a faded altar to an unknown god.
  1019 | D:2      | Became a worshipper of Nemelex Xobeh the Trickster
  1019 | D:2      | Received a gift from Nemelex Xobeh
  1019 | D:2      | Reached * piety under Nemelex Xobeh
  1019 | D:2      | Received a gift from Nemelex Xobeh
  1019 | D:2      | Reached ** piety under Nemelex Xobeh
  1019 | D:2      | Received a gift from Nemelex Xobeh
  1019 | D:2      | Received a gift from Nemelex Xobeh
  1155 | D:2      | Found an oddly glowing altar of Pakellas.
  1155 | D:2      | Found Pakellas's Prime Provisions.
  1341 | D:3      | Reached *** piety under Nemelex Xobeh
  1356 | D:3      | Reached skill level 1 in Evocations
  1573 | D:3      | Found a glowing golden altar of the Shining One.
  1589 | D:3      | Reached XP level 4. HP: 42/44 MP: 4/4
  1679 | D:3      | Noticed Sigmund
  1686 | D:3      | Killed Sigmund
  1686 | D:3      | Reached XP level 5. HP: 52/52 MP: 6/6
  1728 | D:3      | Received a gift from Nemelex Xobeh
  2217 | D:4      | Found a staircase to the Ecumenical Temple.
  2385 | D:4      | Received a gift from Nemelex Xobeh
  2388 | D:4      | Reached **** piety under Nemelex Xobeh
  2607 | D:4      | Noticed a phantom
  2614 | D:4      | Killed a phantom
  2614 | D:4      | Reached XP level 6. HP: 57/59 MP: 8/8
  2723 | D:5      | Entered Level 5 of the Dungeon
  2759 | D:5      | Found a deep blue altar of Sif Muna.
  3090 | D:5      | Received a gift from Nemelex Xobeh
  3156 | D:5      | Reached XP level 7. HP: 48/67 MP: 9/9
  3310 | D:6      | Reached skill level 5 in Evocations
  3458 | D:6      | HP: 1/67 [orc warrior/halberd (22)]
  3510 | D:6      | Reached skill level 5 in Unarmed Combat
  3729 | D:6      | Reached ***** piety under Nemelex Xobeh
  3767 | D:6      | Found Vilayca's Gadget Shoppe.
  3781 | D:6      | Noticed Edmund
  3794 | D:6      | Killed Edmund
  3794 | D:6      | Reached XP level 8. HP: 64/78 MP: 10/10
  3822 | D:6      | Gained mutation: You are robust (+10% HP). [potion of mutation]
  3822 | D:6      | Gained mutation: You expend magic power (3 MP) to strengthen your wands. [potion of mutation]
  3822 | D:6      | Gained mutation: You possess an exceptional clarity of mind. [potion of mutation]
  3866 | D:6      | Noticed chicagocrazy's ghost (novice DrTm)
  3885 | D:6      | Killed chicagocrazy's ghost
  3992 | D:6      | Received a gift from Nemelex Xobeh
  3999 | D:6      | Noticed Pikel
  4005 | D:6      | Killed Pikel
  4005 | D:6      | Reached skill level 6 in Unarmed Combat
  4459 | D:7      | Reached XP level 9. HP: 81/95 MP: 12/12
  4464 | D:7      | Gained mutation: Your muscles are strong. (Str +2) [mutagenic meat]
  4466 | D:7      | Gained mutation: Your flesh is cold resistant. [mutagenic meat]
  4467 | D:7      | Gained mutation: Potions and wands are less effective at restoring your health. [mutagenic meat]
  4468 | D:7      | Lost mutation: Your muscles are strong. (Str +2) [potion of cure mutation]
  4468 | D:7      | Lost mutation: Your flesh is cold resistant. [potion of cure mutation]
  4468 | D:7      | Lost mutation: You possess an exceptional clarity of mind. [potion of cure mutation]
  4468 | D:7      | Lost mutation: Potions and wands are less effective at restoring your health. [potion of cure mutation]
  4489 | D:7      | Reached skill level 5 in Fighting
  4662 | D:7      | Gained mutation: You are partially covered in slimy green scales (AC +2). [mutagenic meat]
  4663 | D:7      | Gained mutation: Your body sometimes deteriorates upon taking damage. [mutagenic meat]
  4665 | D:7      | Gained mutation: You can translocate small distances at will. [mutagenic meat]
  4672 | D:7      | Reached skill level 5 in Dodging
  4867 | D:7      | Received a gift from Nemelex Xobeh
  5211 | D:8      | Reached skill level 7 in Unarmed Combat
  5306 | D:8      | Noticed blooo's ghost (novice OpFi)
  5326 | D:8      | Killed blooo's ghost
  5532 | D:8      | Found a radiant altar of Vehumet.
  5532 | D:8      | Found a bloodstained altar of Trog.
  5532 | D:8      | Found an ancient bone altar of Kikubaaqudgha.
  5532 | D:8      | Found a snail-covered altar of Cheibriados.
  5640 | D:8      | Found a white marble altar of Elyvilon.
  5712 | D:8      | Reached XP level 10. HP: 95/107 MP: 14/14
  5782 | D:8      | Received a gift from Nemelex Xobeh
  5802 | D:8      | Found Juqot's Magic Scroll Shop.
  5810 | D:8      | Bought a scroll of blinking for 75 gold pieces
  5864 | D:8      | Found Ydafrak's Weapon Boutique.
  6382 | D:9      | Found a shimmering altar of Xom.
  6518 | D:9      | Received a gift from Nemelex Xobeh
  6583 | D:9      | Noticed Erolcha
  6589 | D:9      | Killed Erolcha
  6589 | D:9      | Reached skill level 8 in Unarmed Combat
  6744 | D:9      | Received a gift from Nemelex Xobeh
  6782 | D:9      | Found a staircase to the Orcish Mines.
  6910 | D:10     | Entered Level 10 of the Dungeon
  6910 | D:10     | Noticed Sonja
  6913 | D:10     | Noticed a hill giant
  6913 | D:10     | Noticed an elephant
  6945 | D:10     | Killed a hill giant
  6953 | D:10     | Killed Sonja
  6976 | D:10     | Noticed a hill giant
  6984 | D:10     | Killed a hill giant
  7000 | D:10     | Noticed Josephine
  7007 | D:10     | Killed Josephine
  7007 | D:10     | Reached skill level 9 in Unarmed Combat
  7007 | D:10     | Reached XP level 11. HP: 32/119 MP: 15/15
  7337 | D:10     | Cast into level 1 of the Abyss (drawing a card)
  7482 | Abyss:1  | Received a gift from Nemelex Xobeh
  7488 | Abyss:1  | Noticed a blizzard demon
  7515 | Abyss:1  | Noticed a purple very ugly thing
  7529 | Abyss:1  | HP: 4/119 [purple very ugly thing (29)]
  7529 | Abyss:1  | Mangled by an ancient zyme

Skill      XL: |  1  2  3  4  5  6  7  8  9 10 11 |
---------------+----------------------------------+-----
Evocations     | 1 2 4 5 6 7 8 |  8.0
Fighting       | 3 4 6 7 |  7.4
Dodging        | 3 4 5 7 |  7.4
Unarmed Combat | 5 6 7 9 |  9.3
Stealth        | |  1.1

Action                   |  1- 3 |  4- 6 |  7- 9 | 10-12 || total
-------------------------+-------+-------+-------+-------++-------
Melee: Unarmed           |    92 |   141 |   202 |   181 ||   616
       Punch             |     1 |       |     9 |    10 ||    20
Evoke: Deck              |       |     2 |    11 |    14 ||    27
  Use: Potion            |       |       |     4 |     2 ||     6
       Scroll            |       |       |    11 |     1 ||    12
 Stab: Sleeping          |     1 |     1 |     1 |       ||     3
       Distracted        |       |       |     1 |     1 ||     2
  Eat: Chunk             |    18 |    15 |    29 |    18 ||    80
       Pizza             |     1 |       |       |       ||     1
Armor: Robe              |    37 |    39 |    38 |    44 ||   158
Dodge: Dodged            |    97 |    86 |   114 |   127 ||   424
